 Dungeon Crawl Stone Soup version 0.30.0-5-g1a98f26d00 (webtiles) character file.

Game seed: 4592312532377533705

259 Acheron the Trooper (level 6, -6/43 HPs)
             Began as an Octopode Chaos Knight on May 8, 2023.
             Was a Priest of Fedhas.
             Mangled by a gnoll sergeant
             ... wielding a +0 trident
              (15 damage)
             ... on level 6 of the Dungeon.
             The game lasted 00:14:16 (1796 turns).

Acheron the Trooper (Octopode Chaos Knight)         Turns: 1796, Time: 00:14:22

Health: -6/43      AC:  1    Str: 11    XL:     6   Next: 17%
Magic:  7/7        EV: 14    Int: 20    God:    Fedhas [***...]
Gold:   161        SH:  0    Dex: 14    Spells: 7/7 levels left

rFire   . . .        q - +8 halberd of Doom {holy, Int+6 Stlth-}
rCold   . . .        (shield currently unavailable)
rNeg    . . .        (helmet restricted)
rPois   .            (no amulet)
rElec   +            e - ring of wizardry
rCorr   .            (no ring)
SInv    .            (no ring)
Will    .....        (no ring)
Stlth   ++           (no ring)
HPRegen 0.27/turn    (no ring)
MPRegen 0.10/turn    (no ring)
                     (no ring)

%: wizardry (x1)
@: no status effects
A: almost no armour, amphibious, 8 rings, camouflage 1, gelatinous body 1,
(nimble swimmer 1), tentacles, electricity resistance
a: Renounce Religion, Wall of Briars, Grow Ballistomycete


You were on level 6 of the Dungeon.
You worshipped Fedhas.
Fedhas was most pleased with you.
You visited 1 branch of the dungeon, and saw 7 of its levels.
You also visited: Ossuary.

You collected 247 gold pieces.
You spent 86 gold pieces at shops.

Inventory:

Hand Weapons
 a - a +1 falchion of chaos
 q - the +8 halberd of Doom (weapon) {holy, Int+6 Stlth-}
   (You found it on level 7 of the Dungeon)

   Int:       It affects your intelligence (+6).
   Stlth:     It makes you less stealthy.
Missiles
 n - 6 curare-tipped darts (quivered)
 o - 6 poisoned darts
Jewellery
 e - a ring of wizardry (left tentacle)
 i - an amulet of guardian spirit
 k - a ring of flight
Scrolls
 j - 3 scrolls of teleportation
 m - 2 scrolls of fog
 p - a scroll of magic mapping
 v - a scroll of silence
Potions
 c - 2 potions of brilliance
 d - 3 potions of mutation
 f - a potion of lignification {unknown}
 g - a potion of cancellation {unknown}
 h - 2 potions of might {unknown}
 l - a potion of degeneration {unknown}
 s - a potion of curing
 t - a potion of resistance {unknown}
 x - a potion of haste {unknown}
Miscellaneous
 b - a piece from Xom's chessboard (15/15)


   Skills:
 * Level 3.7 Fighting
 - Level 3.3 Long Blades
 * Level 2.7 Polearms
 * Level 1.0 Throwing
 * Level 3.2 Dodging
 * Level 2.1 Stealth
 * Level 1.2 Spellcasting
 * Level 1.0 Invocations
 * Level 1.8 Evocations


You had 7 spell levels left.
You didn't know any spells.
Your spell library contained the following spells:

 Spells                   Type           Power      Damage    Failure   Level
 Shock                    Conj/Air       4%         1d3       7%          1
 Sublimation of Blood     Necr           1%         N/A       11%         2
 Swiftness                Air            1%         N/A       21%         3
 Airstrike                Air            0%         2d(1-17)  52%         4
 Petrify                  Tmut/Erth      1%         N/A       52%         4
 Irradiate                Conj/Tmut      0%         3d11      86%         5


Dungeon Overview and Level Annotations

Branches:
Dungeon (8/15)            Ossuary (visited)
 Temple: D:4-7         Lair: D:8-11

Altars:
Cheibriados
Fedhas

Shops:
D:7 (


Innate Abilities, Weirdness & Mutations

You cannot wear most types of armour.
You are amphibious.
You can wear up to eight rings at the same time.
Your skin changes colour to match your surroundings (Stealth+).
Your rubbery body absorbs attacks. (AC +1, EV +1)
((You are camouflaged when in or above water. (Stealth+)))
You have tentacles for arms and can constrict up to eight enemies at once.
You are resistant to electric shocks. (rElec)


Message History

As you read the scroll of identify, it crumbles to dust.
c - 2 potions of brilliance
As you read the scroll of identify, it crumbles to dust.
s - 2 potions of curing
As you read the scroll labelled PIAMIZE UDOULE, it crumbles to dust.
It is a scroll of amnesia.
You feel forgetful for a moment.
As you read the scroll labelled NERUEDW GIHE, it crumbles to dust.
The air around you briefly surges with heat, but it dissipates.
It was a scroll of immolation.
e - a ring of wizardry (left tentacle) Welcome back to the Dungeon!
There is a collapsed entrance here.
The gnoll closely misses you.
The gnoll sergeant hits you from afar with a +0 trident!
There is an open door here.
You slash the gnoll! You grab the gnoll.
The gnoll is severely wounded.
You constrict the gnoll. The gnoll sergeant misses you.
The gnoll hits you with a +0 spear! The gnoll misses you.
The gnoll sergeant misses you.
You hit the gnoll.
You kill the gnoll!
Fedhas appreciates your contribution to the ecosystem.
The gnoll sergeant hits you from afar with a +0 trident!
You feel better.
The gnoll sergeant hits you from afar with a +0 trident.
The gnoll sergeant closely misses you.
You hit the gnoll sergeant. You grab the gnoll sergeant.
You squeeze the gnoll sergeant, but do no damage.
The gnoll sergeant is lightly wounded.
You constrict the gnoll sergeant. The gnoll sergeant barely misses you.
You hit the gnoll sergeant.
The gnoll sergeant is heavily wounded.
You constrict the gnoll sergeant, but do no damage.
The gnoll sergeant hits you with a +0 trident!
* * * LOW HITPOINT WARNING * * *
The gnoll sergeant hits you with a +0 trident!
You die...
Fedhas appreciates your contribution to the ecosystem.

*,,,,,,* #####*,,,,,,,,,,,,
*,,,,,,***#.#..,,*******,***
*,,,,,,,,,....**** *********
*,,,,,,,,,...#* *,,,*,,,,
*,,..,,,,,#..* *,,,*,,,,
*,,...,,,*#.#* *,,,+,,,*
****#..,###.# ******,,*
*,,,*..##.')# **,***,,*
*******,,,,#.###@# *,,,,,,,*
,,,,,,*,,,*#..##g# *,,,,,,,*
,,,,,,*,,**#...#.##***********+**
,,,,,,,,**,+......#,,*,,,,,,,,,,,
,,,,,,*,,**#...#..#,,*,,,,,,,,,,,
,,,,,,*,,.##..##..#,,#,,,,,,,,,,,
,,,,,,+,,..#.#*#..#,.+,,,,,,,,,,,
,,,,,,*+##..#*,+..#..#,,,,,,,,,,,
,,,,,,,,.....#*#.##..#,,,,,,,,,,,


You could see a gnoll sergeant.

Vanquished Creatures
  Menkaure (Ossuary)
  4 mummies
  A gnoll (D:6)
  3 dart slugs
  An endoplasm (D:2)
  10 giant cockroaches
  2 goblins (D:2)
  3 hobgoblins
  A quokka (D:2)
  3 ball pythons
  A bat (D:2)
  A frilled lizard (D:2)
  4 gnoll skeletons (Ossuary)
  4 gnoll zombies (Ossuary)
  3 goblin skeletons (Ossuary)
  4 goblin zombies (Ossuary)
  3 hobgoblin skeletons (Ossuary)
  6 hobgoblin zombies (Ossuary)
  4 kobolds
  5 kobold skeletons (Ossuary)
  4 kobold zombies (Ossuary)
  5 orc skeletons (Ossuary)
  4 orc zombies (Ossuary)
  5 rats
  5 rat skeletons (Ossuary)
  3 rat zombies (Ossuary)
90 creatures vanquished.

Notes
Turn   | Place    | Note
-------+----------+-------------------------------------------
     0 | D:1      | Acheron the Octopode Chaos Knight began the quest for the
                  | Orb.
     0 | D:1      | Reached XP level 1. HP: 16/16 MP: 1/1
    85 | D:1      | XOM: silly message
    95 | D:1      | Reached XP level 2. HP: 10/21 MP: 2/2
   379 | D:1      | Found a faded altar of an unknown god.
   394 | D:1      | Prayed at the altar of an unknown god.
   394 | D:1      | Fell from the grace of Xom
   394 | D:1      | Became a worshipper of Fedhas Madash
   394 | D:1      | Reached * piety under Fedhas
   550 | D:2      | Reached XP level 3. HP: 26/26 MP: 3/3
   593 | D:2      | Found a snail-covered altar of Cheibriados.
   701 | D:2      | Reached skill level 1 in Evocations
  1022 | D:4      | Noticed an ogre
  1038 | D:4      | You fall into a shaft and drop 3 floors!
  1123 | D:7      | Found Giativad's Firing Range.
  1130 | D:7      | Bought 6 curare-tipped darts for 86 gold pieces
  1182 | D:7      | Identified the +8 halberd of Doom {holy, Int+6 Stlth-}
  1245 | D:7      | XOM: give mutation
  1245 | D:7      | Gained mutation: You are resistant to electric shocks.
                  | (rElec) [Xom's grace]
  1322 | D:6      | Noticed a gnoll sergeant
  1372 | D:6      | Found a sand-covered staircase.
  1376 | D:6      | Reached XP level 4. HP: 13/31 MP: 4/4
  1379 | Ossuary  | Entered an ossuary
  1459 | Ossuary  | Reached ** piety under Fedhas
  1520 | Ossuary  | Reached skill level 1 in Stealth
  1591 | Ossuary  | Reached *** piety under Fedhas
  1704 | Ossuary  | Reached skill level 1 in Polearms
  1717 | Ossuary  | Noticed Menkaure
  1718 | Ossuary  | Killed Menkaure
  1719 | Ossuary  | Reached skill level 1 in Throwing
  1719 | Ossuary  | Reached skill level 1 in Spellcasting
  1719 | Ossuary  | Reached XP level 5. HP: 36/36 MP: 6/6
  1723 | Ossuary  | Reached XP level 6. HP: 42/42 MP: 7/7
  1727 | Ossuary  | Reached skill level 1 in Invocations
  1796 | D:6      | Mangled by a gnoll sergeant

Illustrated notes

Levels and vault maps discovered:
D:1:      dpeg_arrival_tiny_h, layout_rooms,
          hellmonk_ecumenical_altar_inner_sanctum
D:2:      minmay_roachtagon, layout_rooms, basic_altar, mrwooster_statue_mirror
D:3:      layout_basic, jmf_multi_god_temple2, serial_shops,
          nicolae_shop_statue_plus
D:4:      layout_loops_ring, minmay_temple_entry_proselytizer, minmay_between
D:6:      layout_gridville, mainiacjoe_overflow_surrounded_room,
          ebering_ghost_reflecting_pool, nicolae_ossuary_entry_giza
D:7:      layout_rooms, minmay_misc_feat_hallway, nicolae_shop_firing_range
D:8:      layout_loops_ring, xom_butterflies, david_lair_shrubbed, serial_shops,
          nicolae_shop_industrial_runoff, ebering_ghost_disaster_area,
          serial_glass, glass_columns_b, glass_columns_a

Skill      XL: |  1  2  3  4  5  6 |
---------------+-------------------+-----
Evocations     | 1 |  1.8
Dodging        | 3 |  3.2
Stealth        | 2 |  2.1
Polearms       | 2 |  2.7
Throwing       | 1 |  1.0
Spellcasting   | 1 |  1.2
Invocations    | 1 |  1.0
Fighting       | |  3.7
Long Blades    | |  3.3

Action                     |  1- 3 |  4- 6 || total
---------------------------+-------+-------++-------
  Melee: Falchion          |    63 |       ||    63
         Constrict         |    13 |    26 ||    39
         Tentacles         |     5 |    18 ||    23
         Halberd           |     2 |    76 ||    78
         Punch             |       |     1 ||     1
    Use: Scroll            |    10 |     5 ||    15
         Potion            |       |     1 ||     1
   Stab: Sleeping          |     2 |       ||     2
 Armour: Skin              |     6 |     5 ||    11
  Dodge: Dodged            |    45 |    38 ||    83
